Map: Massacre na Discoteca LE

Players

Yuri - Winner!

  • Race: Terran Terran
  • Spawn Location: 9:00

VOD

Have the link to the VOD?

Description

Time

  • Played on: Oct. 25, 2019, 11:09 p.m.
  • Length: 25:55
Show
View Real Time Build Order
Export as new Build Order

Yuri Terran - Winner!

Build Orders:  

Get SALT Encoding   

  12  0:02  SCV  
  13  0:19  SCV  
  14  0:34  Supply Depot  
  14  0:36  SCV  
  15  0:44  Refinery  
  15  1:07  Barracks  
  15  1:09  SCV  
  16  1:32  SCV  
  17  1:43  Refinery  
  17  1:59  SCV  
  18  2:06  Barracks  
  18  2:16  Orbital Command, Supply Depot  
  19  2:24  Reaper  
  19  2:51  SCV  
  20  3:16  Command Center  
  20  3:26  Reaper  
  21  3:39  Factory  
  21  3:47  Reaper  
  23  4:10  SCV  
  23  4:11  Reaper  
  24  4:26  Engineering Bay  
  24  4:27  SCV  
  25  4:37  Supply Depot  
  25  4:44  SCV  
  26  5:00  Marine x2  
  26  5:01  SCV  
  26  5:06  Orbital Command  
  29  5:18  SCV, Terran Infantry Weapons Level 1  
  30  5:24  Factory Tech Lab  
  30  5:25  Marine x2  
  32  5:35  SCV  
  32  6:10  Siege Tank  
  32  6:12  Marine x2  
  32  6:18  SCV  
  38  6:26  SCV  
  39  6:35  SCV  
  39  6:37  Marine x2  
  42  6:43  SCV  
  43  6:52  SCV  
  43  6:55  Siege Tank, Engineering Bay  
  47  7:00  SCV  
  47  7:02  Marine x2  
  47  7:09  SCV  
  51  7:16  Supply Depot  
  51  7:17  SCV  
  51  7:19  Supply Depot  
  52  7:21  Supply Depot  
  52  7:27  Marine x2  
  54  7:46  SCV x2  
  54  7:49  Terran Infantry Armor Level 1  
  56  7:52  Marine x2  
  58  8:03  Armory, SCV x2  
  60  8:12  Armory  
  59  8:31  Unknown  
  59  8:34  Unknown  
  59  9:17  Marine  
  59  9:18  Marine  
  59  9:52  Barracks Tech Lab  
  59  10:00  Barracks Tech Lab, Stimpack  
  59  10:03  Siege Tank  
  62  10:12  Refinery  
  62  10:14  Refinery  
  62  10:16  SCV  
  62  10:17  SCV  
  64  10:28  Unknown  
  64  10:33  SCV x2  
  66  10:45  Starport  
  66  10:46  Starport  
  66  10:48  Siege Tank  
  69  10:50  SCV x2  
  71  11:07  Barracks  
  71  11:17  Barracks  
  71  11:33  Supply Depot  
  71  11:36  Supply Depot  
  71  11:39  Supply Depot  
  71  11:41  Supply Depot  
  71  12:04  Starport Reactor x2  
  71  12:18  Concussive Shells  
  71  12:51  Terran Infantry Weapons Level 2  
  71  12:58  Command Center, Terran Infantry Armor Level 2  
  71  13:00  Terran Vehicle Weapons Level 1  
  71  13:01  Terran Vehicle And Ship Armor Level 1  
  71  13:06  Medivac x3  
  71  13:07  Medivac  
  79  13:11  Thor  
  79  13:16  Barracks Reactor  
  85  13:29  Barracks Reactor  
  85  14:03  Command Center  
  85  14:11  Thor  
  85  14:17  Marauder  
  85  14:18  Marauder  
  95  14:21  Marine  
  95  14:22  Marine x3  
  99  14:32  Supply Depot  
  99  14:37  Supply Depot  
  99  14:40  Supply Depot  
  99  14:46  Marine  
  99  14:47  Refinery, Marine x3, Marauder  
  99  14:48  Marauder  
  107  15:11  Marine  
  107  15:12  Marine x3  
  107  15:15  Thor  
  107  15:17  Marauder  
  107  15:18  Marauder  
  107  15:19  Viking x2  
  125  15:20  Viking  
  125  15:26  Viking  
  125  15:27  Refinery  
  129  15:33  Refinery  
  129  15:36  Marine  
  129  15:37  Marine x3  
  123  15:47  Marauder  
  123  15:48  Marauder  
  126  15:51  Refinery  
  126  16:13  Marine  
  126  16:14  Marine x3  
  126  16:17  Marauder  
  126  16:18  Marauder  
  134  16:20  Terran Infantry Weapons Level 3  
  134  16:35  Orbital Command  
  134  16:38  Orbital Command, Marine  
  134  16:39  Marine x3  
  138  16:47  Marauder  
  138  16:48  Marauder  
  142  16:57  SCV x2  
  144  17:03  Marine x2  
  144  17:04  Marine x2  
  148  17:14  SCV x2  
  148  17:15  SCV x2  
  148  17:17  Marauder  
  148  17:18  Marauder  
  156  17:28  Marine x2  
  156  17:29  Marine x2  
  160  17:30  SCV  
  160  17:31  SCV  
  160  17:32  SCV x2  
  160  17:36  Siege Tank  
  160  17:37  Siege Tank  
  164  18:04  Supply Depot  
  164  18:08  Supply Depot  
  164  18:11  Supply Depot  
  164  18:12  Supply Depot  
  164  18:18  Supply Depot  
  164  18:22  Supply Depot  
  164  18:24  Supply Depot  
  164  18:34  SCV x4, Marauder x2  
  164  18:38  Medivac x4  
  180  18:41  Marine x4  
  184  18:51  SCV x2  
  184  18:59  Starport  
  186  19:02  Starport  
  186  19:04  Starport, Marauder x2  
  186  19:05  Starport  
  186  19:06  Fusion Core, Marine x4  
  194  19:31  Marine x4  
  194  19:34  Marauder  
  200  19:51  Command Center  
  200  19:53  Starport Tech Lab  
  200  19:54  Starport Tech Lab  
  200  19:56  Starport Tech Lab  
  200  19:58  Starport Tech Lab  
  147  21:25  Battlecruiser x4  
  171  21:32  Marine x6  
  177  21:56  Marine  
  177  21:57  Marine x5  
  183  22:21  Marine  
  183  22:22  Marine x2  
  179  22:55  Battlecruiser x3  
  194  23:54  Refinery  
  194  23:55  Refinery  
Tags
 
Add a new tag
Caveats
  • Supply blocks, unpowered buildings, or Contaminate may cause inaccurate times.
  • Supply counts are checked every 10 seconds.